 Dungeon Crawl Stone Soup version 0.30-b1-2-g02819fbbbe (webtiles) character file.

Game seed: 18142886448577945779

6037 MisterFreud the Martial Artist (level 9, -16/81 HPs)
             Began as a Grey Draconian Transmuter on Aug 21, 2023.
             Was a Follower of Ru.
             Killed from afar by a fire dragon (29 damage)
             ... with a blast of flame
             ... on level 10 of the Dungeon.
             The game lasted 00:17:27 (9973 turns).

MisterFreud the Martial Artist (DrTm)               Turns: 9973, Time: 00:17:28

Health: -16/81     AC:  6    Str: 13    XL:     9   Next: 56%
Magic:  10/12      EV: 24    Int: 15    God:    Ru [*.....]
Gold:   332        SH:  5    Dex: 19    Spells: 4/12 levels left

rFire   . .          .
                       - Unarmed
rCold   . . .        (shield currently unavailable)
rNeg    . . .        (body armour unavailable)
rPois   x            (helmet currently unavailable)
rElec   .            r - melded +0 cloak
rCorr   .            o - melded +2 pair of gloves
SInv    .            e - melded +0 pair of boots
Will    .....        m - amulet of reflection
Stlth   ++           i - +4 ring of protection
HPRegen 0.33/turn    (no ring)
MPRegen 0.13/turn

%: reflection
@: spider-form (expiring)
A: venomous fangs, AC +12, (amphibious), tiny, unfitting armour, (cold-blooded),
inexperienced 1
a: End Transformation, Renounce Religion


You were on level 10 of the Dungeon.
You worshipped Ru.
Ru was aware of your devotion.
You were a venomous arachnid creature.
You visited 2 branches of the dungeon, and saw 11 of its levels.

You collected 532 gold pieces.
You spent 200 gold pieces at shops.

Inventory:

Hand Weapons
 q - the +1 trident of Dismay {freeze, rElec rF+ Str+3 Int+2}
   (You found it on level 4 of the Dungeon)

   Str:       It affects your strength (+3).
   Int:       It affects your intelligence (+2).
   rF:        It protects you from fire.
   rElec:     It insulates you from electricity.
Missiles
 g - 9 poisoned darts
 x - 2 javelins
 E - 2 boomerangs
Armour
 d - a +0 pair of gloves
 e - a +0 pair of boots (melded)
 o - a +2 pair of gloves (melded)
 r - a +0 cloak (melded)
Jewellery
 i - a +4 ring of protection (left front pincers)
 m - an amulet of reflection (around neck)
Wands
 t - a wand of acid (7)
 A - a wand of flame (10)
 C - a wand of digging (2)
Scrolls
 h - 4 scrolls of teleportation
 j - 3 scrolls of enchant weapon
 n - a scroll of blinking
 u - a scroll of fear
 v - 2 scrolls of enchant armour
 y - 6 scrolls of identify
 B - a scroll of brand weapon
 D - a scroll of fog
 F - a scroll of magic mapping
Potions
 a - 4 potions of lignification
 b - a potion of heal wounds
 c - 3 potions of mutation
 f - 3 potions of curing
 k - 2 potions of flight
 l - 3 potions of might
 p - a potion of magic
 s - a potion of attraction
 w - a potion of brilliance
 z - 2 potions of berserk rage


   Skills:
 - Level 8.0 Fighting
 - Level 6.0 Dodging
 - Level 10.0 Unarmed Combat
 + Level 2.0 Spellcasting
 - Level 8.0 Transmutations
 - Level 4.0 Ice Magic


You had 4 spell levels left.
You knew the following spells:

 Your Spells              Type           Power      Damage    Failure   Level
a - Beastly Appendage     Tmut           50%        N/A       4%          1
b - Spider Form           Tmut/Pois      13%        N/A       30%         3
c - Ice Form              Ice/Tmut       19%        N/A       38%         4

Your spell library contained the following spells:

 Spells                   Type           Power      Damage    Failure   Level
 Wereblood                Tmut           25%        N/A       6%          2
 Slow                     Hex            4%         N/A       43%         1
 Call Canine Familiar     Summ           1%         N/A       75%         3
 Confusing Touch          Hex            1%         N/A       75%         3
 Dazzling Flash           Conj/Hex       2%         N/A       75%         3
 Portal Projectile        Hex/Tloc       2%         N/A       75%         3
 Vampiric Draining        Necr           1%         2d6       75%         3
 Volatile Blastmotes      Fire/Tloc      2%         2d10      75%         3
 Iskenderun's Mystic Bla  Conj/Tloc      1%         2d3       98%         4
 Leda's Liquefaction      Hex/Erth       0%         N/A       98%         4
 Starburst                Conj/Fire      0%         6d3       100%        6
 Chain Lightning          Conj/Air       0%         2d1       100%        9
 Fire Storm               Conj/Fire      0%         6d1       100%        9
 Shatter                  Erth           0%         3d5*      100%        9


Dungeon Overview and Level Annotations

Branches:
Dungeon (10/15)            Temple (1/1) D:5            Lair (0/5) D:10
    Orc: D:9-12

Altars:
Ashenzari
Cheibriados
Dithmenos
Elyvilon
Fedhas
Gozag
Hepliaklqana
Kikubaaqudgha
Makhleb
Nemelex Xobeh
Okawaru
Qazlal
Ru
Sif Muna
Trog
Uskayaw
Vehumet
Wu Jian
Zin
The Shining One

Shops:
D:5 [[*!*

Annotations:
D:5 2 transporters, diceflayer's ghost, novice MiFi


Innate Abilities, Weirdness & Mutations

You are a venomous arachnid creature.
You have venomous fangs.
You are tiny and dextrous.
Your spellcasting is less reliable in this form.
Your armour is entirely melded.
You are incapable of wielding weapons or throwing items.
((Your dull iron-grey scales are very hard. (AC +12)))
((You are amphibious.))
You cannot fit into any form of body armour.
((You are cold-blooded and may be slowed by cold attacks.))
You are somewhat inexperienced. (-1 XL)


Message History

The fire dragon roars deafeningly!
The fire dragon breathes flames at you. The blast of flame hits you!
You hear a bellow!
You see here a scroll labelled PAOWEW WYECO.
Okay, then.
Unknown command.
Okay, then.
Unknown command.
Aiming: Corrosive Bolt
Press: ? - help, Shift-Dir - straight line, f - fire dragon
Aim: a fire dragon (catching its breath, 79% to hit)
The bolt of acid hits the fire dragon!
The fire dragon is lightly wounded.
Unknown command.
Unknown command.
Casting: Spider Form (dangerous; 13% risk of failure)
Confirm with . or Enter, or press ? or * to list all spells.
You turn into a venomous arachnid creature.
Your +0 cloak melds into your body.
Your +2 pair of gloves melds into your body.
Your +0 pair of boots melds into your body.
The fire dragon breathes flames at you. The blast of flame hits you!!
You see here a +0 robe.
The fire dragon breathes flames at you. The blast of flame hits you!!!
Ouch! That really hurt!
* * * LOW HITPOINT WARNING * * *
You hear a bellow!
Blink to where?
Press: ? - help, Dir - move target, p - fire dragon
As you read the scroll of blinking, it crumbles to dust.
As you read the scroll of teleportation, it crumbles to dust.
You feel strangely unstable.
Your transformation is almost over.
Your surroundings suddenly seem different.
The fire dragon breathes flames at you. The blast of flame hits you!!
You die...

###. ##... ## ##.... #### .#
.#...P. #...####.# .......
#D##...#.# #.....
#.#[##.#.#.#.# #...P #
#?.[#.#.#.#.# #... #.##.#.#s#
#..# ####. #...##.#.# #..#
#.### #.####...#.# #..# # #.#
# #.....####D# #..# #.#.# #
#.######.....# #..# #.#.###
#.......######.#..## #......
########.......#...# ###.###
...[....########...#####...##
.............................


You could see a fire dragon (catching breath).

Vanquished Creatures
  A two-headed ogre (D:8)
  A komodo dragon (D:10)
  Prince Ribbit (D:9)
  7 yaks
  A steam dragon (D:9)
  2 wargs (D:10)
  A water moccasin (D:5)
  An acid dragon (D:8)
  2 ice beasts
  3 orc warriors
  3 black bears
  8 centaurs
  5 bullfrogs
  5 scorpions
  9 wights
  3 killer bees (D:8)
  A hound (D:5)
  6 orc priests
  Crazy Yiuf (D:3)
  A jelly (D:5)
  An iguana (D:5)
  A sleepcap (D:7)
  7 orc wizards
  12 gnolls
  10 adders
  3 shadow imps
  A white imp (D:5)
  An ufetubus (D:5)
  3 worms
  4 dart slugs
  19 orcs
  9 endoplasms
  4 giant cockroaches
  8 goblins
  11 hobgoblins
  6 quokkas
  7 ball pythons
  3 bats
  4 frilled lizards
  8 kobolds
  10 rats
194 creatures vanquished.

Notes
Turn   | Place    | Note
-------+----------+-------------------------------------------
     0 | D:1      | MisterFreud the Draconian Transmuter began the quest for
                  | the Orb.
     0 | D:1      | Reached XP level 1. HP: 16/16 MP: 3/3
    65 | D:1      | Reached XP level 2. HP: 23/23 MP: 3/5
   436 | D:1      | Reached XP level 3. HP: 28/28 MP: 4/6
  1271 | D:2      | Reached XP level 4. HP: 30/35 MP: 7/7
  1441 | D:2      | Reached skill level 5 in Transmutations
  1567 | D:2      | Reached XP level 5. HP: 23/40 MP: 8/8
  2053 | D:3      | Learned a level 3 spell: Spider Form
  2115 | D:3      | Found a runed translucent door.
  2116 | D:3      | Noticed Crazy Yiuf
  2122 | D:3      | Killed Crazy Yiuf
  2411 | D:3      | Found a stormy altar of Qazlal.
  2414 | D:3      | Found an ornate altar of the Wu Jian Council.
  2419 | D:3      | Found a glowing silver altar of Zin.
  2714 | D:4      | Noticed a black bear
  2727 | D:4      | Killed a black bear
  2728 | D:4      | Reached skill level 4 in Unarmed Combat
  2728 | D:4      | Reached XP level 6. HP: 40/51 MP: 3/9
  2831 | D:4      | Identified the +1 trident of Dismay {freeze, rElec rF+
                  | Str+3 Int+2}
  3130 | D:5      | Entered Level 5 of the Dungeon
  3130 | D:5      | Found Teck's General Store.
  3137 | D:5      | Bought a scroll of fear for 60 gold pieces
  3153 | D:5      | Found Wuam's Armour Boutique.
  3236 | D:5      | Found Paocs's Antique Armour Emporium.
  3388 | D:5      | Noticed diceflayer's ghost (novice MiFi)
  3388 | D:5      | Identified the +11 dire flail of the Horn {pain, rF++
                  | Will-}
  3403 | D:5      | Noticed a water moccasin
  3424 | D:5      | Found a transporter.
  3425 | D:5      | Killed a water moccasin
  3426 | D:5      | Reached skill level 5 in Unarmed Combat
  3509 | D:5      | Your scales start taking on a dull iron-grey colour.
  3509 | D:5      | Reached XP level 7. HP: 49/59 MP: 6/10
  3693 | D:5      | Found a transporter.
  3739 | D:5      | Found a staircase to the Ecumenical Temple.
  3793 | Temple   | Entered the Ecumenical Temple
  4204 | D:5      | Reached skill level 6 in Unarmed Combat
  4322 | D:5      | Found Rinaish's Distillery.
  4329 | D:5      | Bought a potion of might for 56 gold pieces
  4329 | D:5      | Bought a potion of lignification for 42 gold pieces
  4329 | D:5      | Bought a potion of lignification for 42 gold pieces
  4653 | D:5      | Found Toyr Heynt's General Store.
  4845 | D:5      | You fall into a shaft and drop 1 floor!
  5087 | D:5      | Reached XP level 8. HP: 48/66 MP: 6/11
  5131 | D:5      | Learned a level 4 spell: Ice Form
  5195 | D:6      | Found a sacrificial altar of Ru.
  5201 | D:6      | Reached skill level 1 in Ice Magic
  5245 | D:6      | Reached skill level 5 in Dodging
  5252 | D:6      | Became a worshipper of Ru the Awakened
  6056 | D:7      | Found a shimmering blue altar of Sif Muna.
  6355 | D:7      | Found a bloodstained altar of Trog.
  6382 | D:7      | Found a shadowy altar of Dithmenos.
  6418 | D:8      | Reached XP level 9. HP: 71/71 MP: 3/12
  6591 | D:8      | Noticed a two-headed ogre
  6609 | D:8      | Killed a two-headed ogre
  6875 | D:8      | Reached skill level 5 in Fighting
  6886 | D:8      | Gained mutation: You are somewhat inexperienced. (-1 XL)
                  | [Ru sacrifice]
  6886 | D:8      | Reached XP level 8. HP: 80/81 MP: 2/11
  6886 | D:8      | Reached * piety under Ru
  7017 | D:8      | Reached skill level 7 in Unarmed Combat
  7726 | D:8      | Identified the +0 robe "Nafomuol" {Int+5 Dex-3}
  8258 | D:9      | Reached XP level 9. HP: 63/78 MP: 8/12
  8261 | D:9      | Reached skill level 8 in Unarmed Combat
  8442 | D:9      | Noticed Prince Ribbit
  8461 | D:9      | Killed Prince Ribbit
  9289 | D:10     | Entered Level 10 of the Dungeon
  9446 | D:10     | Found a staircase to the Lair.
  9458 | D:10     | Reached skill level 9 in Unarmed Combat
  9691 | D:10     | Found the +5 robe of Misfortune {Harm *Corrode *Slow EV+5}
  9898 | D:10     | Reached skill level 10 in Unarmed Combat
  9958 | D:10     | Noticed a fire dragon
  9973 | D:10     | Killed from afar by a fire dragon

Illustrated notes

Levels and vault maps discovered:
D:1:      matt_arrival_diagonals, layout_loops_ring, minmay_tetromino_i4
D:2:      layout_loops_ring, minmay_joined_circles
D:3:      layout_basic, grunt_temple_overflow_diamond, uniq_crazy_yiuf_cottage
D:4:      layout_basic, nicolae_titane
D:5:      layout_basic, minmay_temple_entry_antechambers, serial_shops,
          nicolae_square_shop, nicolae_shop_trees, nicolae_shop_peninsula, shop,
          shop, gammafunk_ghost_smash
D:6:      layout_basic, kennysheep_little_box
D:7:      layout_cave_pools, lemuel_tele_altar, marbit_many_paths,
          nicolae_sif_muna_condensation, trog_three_pillars_becter,
          xom_shifter_show
D:8:      layout_loops_corners, minmay_misc_feat_plants
D:9:      layout_basic, kennysheep_generic_room_15, uniq_prince_ribbit1
D:10:     minmay_distorted_concentric_squares, layout_loops_corners,
          erik_lair_orcish_takeover
Temple:   hellmonk_temple_forest_ring

Skill      XL: |  1  2  3  4  5  6  7  8  9 |
---------------+----------------------------+-----
Transmutations | 3 4 5 6 8 |  8.0
Fighting       | 3 4 6 8 |  8.0
Unarmed Combat | 4 5 6 7 10 | 10.0
Dodging        | 4 6 |  6.0
Ice Magic      | 4 |  4.0
Spellcasting   | |  2.0

Action                     |  1- 3 |  4- 6 |  7- 9 || total
---------------------------+-------+-------+-------++-------
  Melee: Unarmed           |   124 |   199 |   450 ||   773
         Headbutt          |     8 |    11 |       ||    19
         Punch             |     4 |     3 |     7 ||    14
         Tailslap          |     9 |    14 |    17 ||    40
         Kick              |    11 |    12 |     1 ||    24
   Cast: Beastly Appendage |    17 |     4 |     5 ||    26
         Spider Form       |       |     7 |    39 ||    46
         Ice Form          |       |       |     4 ||     4
 Invoke: Sacrifice Experie |       |       |     1 ||     1
  Evoke: Wand              |       |       |     4 ||     4
    Use: Scroll            |     5 |    11 |     9 ||    25
         Potion            |       |     1 |     1 ||     2
 Armour: Skin              |    40 |    58 |   104 ||   202
  Dodge: Dodged            |    56 |   109 |   348 ||   513
  Block: Other             |       |    16 |   105 ||   121
         Reflection        |       |       |     6 ||     6
